 Dungeon Crawl Stone Soup version 0.21.1-1-g345015fe64 (webtiles) character file.

675 JOKERXD40 the Covered (level 7, 0/66 HPs)
             Began as a Hill Orc Fighter on June 7, 2018.
             Was an Initiate of Dithmenos.
             Slain by an orc warrior
             ... wielding a +0 battleaxe
              (23 damage)
             ... on level 4 of the Dungeon.
             The game lasted 00:22:54 (3094 turns).

JOKERXD40 the Covered (Hill Orc Fighter)            Turns: 3094, Time: 00:22:54

Health: 0/66       AC: 10    Str: 20    XL:     7   Next: 59%
Magic:  6/6        EV:  9    Int: 10    God:    Dithmenos [......]
Gold:   103        SH:  9    Dex: 11    Spells: 5/6 levels left

rFire    + . .     SeeInvis .   a - +0 rapier
rCold    x . .     Gourm    .   c - +0 shield
rNeg     . . .     Faith    .   m - +4 ring mail
rPois    .         Spirit   .   (helmet restricted)
rElec    .         Reflect  .   (no cloak)
rCorr    .         Harm     .   (no gloves)
MR       .....                  (no boots)
Stlth    +.........             (no amulet)
HPRegen  0.21/turn              l - ring of fire
MPRegen  0.10/turn              (no ring)

@: no status effects
A: beak, clever 1, low mp 1, robust 1
a: Renounce Religion


You were on level 4 of the Dungeon.
You worshipped Dithmenos.
Dithmenos was noncommittal.
You were not hungry.

You visited 1 branch of the dungeon, and saw 4 of its levels.

You collected 103 gold pieces.

Inventory:

Hand Weapons
 a - a +0 rapier (weapon)
Missiles
 i - 51 stones (quivered)
Armour
 c - a +0 shield (worn)
 m - a +4 ring mail (worn)
Jewellery
 l - a ring of fire (left hand)
Scrolls
 e - 2 scrolls of identify
Books
 n - Sif Muna's Compendium of Aid
   (You found it on level 3 of the Dungeon)

   Spells                             Type                      Level
   a - Infusion                       Charms                       1
Comestibles
 f - 7 rations


   Skills:
 + Level 4.8 Fighting
 + Level 4.8 Short Blades
 + Level 0.6 Throwing
 + Level 5.1 Armour
 + Level 2.2 Dodging
 + Level 0.6 Stealth
 + Level 4.9 Shields
 + Level 0.2 Spellcasting
 + Level 0.3 Charms


You had 5 spell levels left.
You knew the following spells:

 Your Spells              Type           Power        Failure   Level  Hunger
a - Infusion              Chrm           #...         88%         1    ##.....


Dungeon Overview and Level Annotations

Branches:
Dungeon (4/15)
 Temple: D:4-7

Altars:
Dithmenos
Gozag
Hepliaklqana
Kikubaaqudgha
Sif Muna
Vehumet


Innate Abilities, Weirdness & Mutations

You have a beak for a mouth.
Your mind is acute. (Int +2)
Your magical capacity is low. (-10% MP)
You are robust. (+10% HP)


Message History

A puff of flame appears from out of thin air!
You block the puff of flame. You block the orc warrior's attack.
Your shield and ring mail prevent you from hitting the orc warrior.
The orc warrior is severely wounded.
Something completely misses you. The orc warrior closely misses you.
You hear some strange, mumbled words.
A puff of frost appears from out of thin air!
The puff of frost hits you!
You feel a terrible chill!
You hit the orc warrior.
The orc warrior is almost dead.
The orc warrior hits you with a battleaxe!!
The orc hits you but does no damage.
You closely miss the orc. You block the orc warrior's attack.
The orc barely misses you.
You closely miss the orc warrior.
The orc warrior is almost dead.
You block the orc's attack.
The orc warrior hits you with a battleaxe!!
You die...

....## ##..# ##..## ##.......
#.o## #..# #...## ##......
#...## #..## #....### #......
##o.o# #<..###......## #......
##..## #...##........###......
##..# #...##.................
#..#####...o..................
##.........oo................#
#....######o@..............##
##..## ##...............#
##.## ##..............# #.##
#.###.......##.# #.# .##
###.....##.## ### ###..###..#
##.# #### ###


You could see an orc warrior and 3 orcs.

Vanquished Creatures
  Grinder (D:4)
  The ghost of Artool the Skirmisher, an amateur HOFi (D:4)
  The ghost of Lynan the Chopper, an amateur HOFi (D:3)
  A scorpion (D:4)
  A hound (D:4)
  A worker ant (D:4)
  A howler monkey skeleton (D:4)
  3 adders (D:3)
  An ooze (D:3)
  2 worms
  A dart slug (D:2)
  A leopard gecko (D:4)
  An orc (D:3)
  7 bats
  2 giant cockroaches
  4 goblins
  5 hobgoblins
  4 jackals (D:1)
  3 kobolds (D:2)
  4 quokkas
  A ball python skeleton (D:4)
  2 frilled lizards (D:2)
  5 rats
53 creatures vanquished.

Notes
Turn   | Place    | Note
-------+----------+-------------------------------------------
     0 | D:1      | JOKERXD40 the Hill Orc Fighter began the quest for the Orb.
     0 | D:1      | Reached XP level 1. HP: 19/19 MP: 1/1
   132 | D:1      | Reached XP level 2. HP: 25/27 MP: 2/2
   373 | D:2      | Reached XP level 3. HP: 13/33 MP: 3/3
   621 | D:2      | Found an opulent altar of Gozag.
   655 | D:2      | Found a hazy altar of Hepliaklqana.
  1092 | D:3      | Reached skill level 1 in Dodging
  1186 | D:3      | Found a radiant altar of Vehumet.
  1204 | D:3      | Found an ancient bone altar of Kikubaaqudgha.
  1205 | D:3      | Found a deep blue altar of Sif Muna.
  1211 | D:3      | Identified Sif Muna's Compendium of Aid
  1227 | D:3      | Learned a level 1 spell: Infusion
  1312 | D:3      | Reached XP level 4. HP: 28/40 MP: 4/4
  1433 | D:3      | Noticed Lynan's ghost (amateur HOFi)
  1449 | D:3      | Killed Lynan's ghost
  1449 | D:3      | Reached skill level 4 in Armour
  1449 | D:3      | Reached XP level 5. HP: 14/46 MP: 5/5
  2083 | D:3      | Found a shadowy altar of Dithmenos.
  2096 | D:3      | Became a worshipper of Dithmenos the Shadowed
  2128 | D:3      | Reached XP level 6. HP: 52/52 MP: 6/6
  2516 | D:4      | Noticed Artool's ghost (amateur HOFi)
  2539 | D:4      | Killed Artool's ghost
  2582 | D:4      | Noticed Grinder
  2586 | D:4      | Paralysed by Grinder for 6 turns
  2602 | D:4      | Gained mutation: Your magical capacity is low. (-10% MP) [potion of mutation]
  2602 | D:4      | Gained mutation: Your mind is acute. (Int +2) [potion of mutation]
  2602 | D:4      | Gained mutation: You are robust. (+10% HP) [potion of mutation]
  2602 | D:4      | Gained mutation: You have a beak for a mouth. [potion of mutation]
  2624 | D:4      | Paralysed by Grinder for 5 turns
  2633 | D:4      | Paralysed by Grinder for 4 turns
  2652 | D:4      | Paralysed by Grinder for 2 turns
  2659 | D:4      | Killed Grinder
  2659 | D:4      | Reached skill level 5 in Armour
  2659 | D:4      | Reached XP level 7. HP: 11/66 MP: 6/6
  3094 | D:4      | Slain by an orc warrior

Skill      XL: |  1  2  3  4  5  6 |
---------------+-------------------+-----
Fighting       | 4 |  4.8
Dodging        | 1 2 |  2.2
Short Blades   | 3 4 |  4.8
Armour         | 4 5 |  5.1
Shields        | 4 |  4.9
Throwing       | |  0.6
Stealth        | |  0.6
Spellcasting   | |  0.2
Charms         | |  0.3

Action                   |  1- 3 |  4- 6 |  7- 9 || total
-------------------------+-------+-------+-------++-------
Melee: Rapier            |   128 |   142 |    22 ||   292
       Peck              |       |     7 |     5 ||    12
Throw: Stone             |     4 |    20 |       ||    24
  Use: Scroll            |     1 |     3 |       ||     4
       Potion            |     1 |     5 |       ||     6
  Eat: Chunk             |     1 |     3 |       ||     4
       Ration            |       |     1 |       ||     1
Armor: Scale mail        |    34 |       |       ||    34
       Ring mail         |    28 |    49 |     7 ||    84
Dodge: Dodged            |    45 |    29 |     8 ||    82
Block: Shield            |    60 |    50 |    10 ||   120
